AoeStats
← 买彩票刮出欠条

MegaRandom

507637917Analyzed
3v3 RM · 14d ago on Sep 19, 2026· 44m 0s· 6 players
Game mode
Random Map
Map size
Normal (6 player)
Population
200
Speed
Normal
Resources
Standard
Victory
Conquest
Starting age
Dark Age
Ending age
Imperial Age
RankedLock teamsTeams togetherTeam positionsShared explorationLock speedFull tech treeHidden civsTurbo modeCheats
Victory
Defeat
🇲🇽 Persians · Mexico
1325
+11
🇲🇽 Turks · Mexico
1261
+13
🇲🇽 Jurchens · Mexico
1238
+14
🇨🇳 Wei · China
1345
-19
🇬🇧 Franks · United Kingdom
1162
-11
🇬🇧 Khitans · United Kingdom
1085
-8
StampedPear67
7:50 Loom
10:00 Feudal Age
11:43 Double-Bit Axe
12:54 Wheelbarrow
17:04 Castle Age
19:02 Town Watch
20:02 Forging
23:19 Iron Casting
25:58 Scale Barding Armor
27:32 Horse Collar
28:32 Hand Cart
33:49 Imperial Age
35:15 Ballistics
36:57 Bloodlines
36:48 Husbandry
37:11 Chain Barding Armor
37:58 Blast Furnace
40:00 Town Patrol
44:03 Plate Barding Armor
FrumpyImpala821
5:32 Loom
11:17 Feudal Age
15:25 Castle Age
16:26 Scale Barding Armor
17:13 Bloodlines
20:33 Forging
27:35 Iron Casting
38:53 Wheelbarrow
41:42 Gold Mining
42:44 Stone Mining
47:10 Imperial Age
tona1410
0:29 Loom
9:12 Feudal Age
7:28 Loom
9:37 Double-Bit Axe
21:04 Castle Age
18:50 Horse Collar
19:02 Gold Mining
19:42 Bloodlines
20:44 Scale Barding Armor
22:03 Chain Barding Armor
22:15 Bow Saw
24:30 Heavy Plow
25:57 Husbandry
33:00 Wheelbarrow
32:39 Forging
34:55 Iron Casting
34:38 Hand Cart
34:34 Fletching
40:56 Imperial Age
38:22 Bodkin Arrow
39:01 Town Watch
39:18 Padded Archer Armor
39:40 Ballistics
40:32 Cavalier
42:14 Blast Furnace
41:50 Plate Barding Armor
42:19 Two-Man Saw
41:51 Crop Rotation
42:24 Chemistry
42:01 Savar
43:36 Padded Archer Armor
买彩票刮出欠条
10:32 Feudal Age
11:08 Double-Bit Axe
16:06 Castle Age
14:08 Horse Collar
14:51 Loom
15:51 Fletching
20:06 Bow Saw
23:47 Wheelbarrow
23:26 Gold Mining
25:33 Bodkin Arrow
26:14 Heavy Plow
27:52 Hand Cart
28:56 Stone Mining
Edward794
5:22 Loom
11:34 Feudal Age
17:13 Castle Age
15:57 Forging
19:49 Scale Barding Armor
33:24 Iron Casting
32:49 Domestication
33:02 Double-Bit Axe
35:23 Wheelbarrow
36:49 Bow Saw
45:02 Imperial Age
42:48 Hand Cart
42:19 Town Watch
Ali26026
6:41 Loom
11:04 Feudal Age
11:41 Double-Bit Axe
16:21 Castle Age
26:20 Wheelbarrow
26:28 Forging
27:25 Scale Mail Armor
28:03 Iron Casting
27:54 Scale Mail Armor
29:07 #83
29:50 Hand Cart
32:04 Town Watch
32:59 Chain Mail Armor
33:40 Squires
34:59 Arson
39:55 Gold Mining
43:18 Imperial Age
Connection lost

Rejoining the realm…

Still unreachable

The connection could not be restored.

Session expired

The server has moved on; the page needs a fresh start.